 Dungeon Crawl Stone Soup version 0.27.1-34-g3ba077fa99 (webtiles) character file.

Game seed: 8526303672609208789

118 LLlMATKO the Skirmisher (level 4, -10/61 HPs)
             Began as a Minotaur Berserker on Jan 18, 2022.
             Was a Believer of Trog.
             Killed from afar by an electric eel (12 damage)
             ... with a bolt of electricity
             ... on level 3 of the Dungeon.
             The game lasted 00:02:11 (3802 turns).

LLlMATKO the Skirmisher (Minotaur Berserker)        Turns: 3802, Time: 00:02:11

Health: -10/61     AC: 13    Str: 21    XL:     4   Next: 72%
Magic:  3/3        EV:  8    Int:  4    God:    Trog [**....]
Gold:   98         SH:  0    Dex: 11    Spells: 3/3 levels left

rFire    . . .     SeeInvis .   a - +0 hand axe
rCold    . . .     Faith    .   (no shield)
rNeg     . . .     Spirit   .   j - +0 chain mail
rPois    .         Reflect  .   (helmet restricted)
rElec    .         Harm     .   e - +0 cloak
rCorr    .         Rampage  .   (no gloves)
Will     .....                  g - +2 pair of boots
Stlth    ..........             (no amulet)
HPRegen  0.20/turn              (no ring)
MPRegen  0.08/turn              (no ring)

@: berserking (expiring), very quick
A: horns 2, retaliatory headbutt
a: Renounce Religion, Berserk, Trog's Hand


You were on level 3 of the Dungeon.
You worshipped Trog.
Trog was pleased with you.
You visited 1 branch of the dungeon, and saw 3 of its levels.

You collected 98 gold pieces.

Inventory:

Hand Weapons
 a - a +0 hand axe (weapon)
Missiles
 b - 11 bolts
Armour
 e - a +0 cloak (worn)
 g - a +2 pair of boots (worn)
 j - a +0 chain mail (worn)
Wands
 n - a wand of paralysis (5)
 p - a wand of flame (21)
Scrolls
 c - 2 scrolls of brand weapon {unknown}
 d - a scroll of blinking {unknown}
 f - a scroll of fog {unknown}
 h - a scroll of teleportation {unknown}
 o - a scroll of identify {unknown}
Potions
 i - a potion of cancellation {unknown}
 k - 2 potions of flight {unknown}
 l - a potion of brilliance {unknown}
 m - a potion of haste {unknown}


   Skills:
 + Level 4.6 Fighting
 + Level 4.5 Axes
 + Level 3.6 Armour
 + Level 3.2 Dodging


You had 3 spell levels left.
You didn't know any spells.
Your spell library was empty.

Dungeon Overview and Level Annotations

Branches:
Dungeon (3/15)

Altars:

Shops:
D:1 (

Annotations:
D:3 1 transporter


Innate Abilities, Weirdness & Mutations

You have a pair of horns on your head.
You reflexively headbutt those who attack you in melee.


Message History

No target in view!
No target in view!
No target in view!
No target in view!
No target in view!
Partly explored, unvisited transporter.
No target in view!
Partly explored, unvisited transporter.
No target in view!
There is a transporter here.
You enter the transporter and appear at another place.
p - a wand of flame (21)
You open the door.
There is an open door here.
A red film seems to cover your vision as you go berserk!
You feel yourself moving faster!
You feel mighty!
The electric eel shoots out a bolt of lightning at you!
The bolt of electricity hits you! x2
You feel a strong urge to attack something.
The electric eel shoots out a bolt of lightning at you!
The bolt of electricity hits you. The bolt of electricity hits you!
You closely miss the electric eel. x2
Unknown command.
You closely miss the electric eel. Your headbutt misses the electric eel.
You hit the electric eel.
Unknown command.
You completely miss the electric eel. Your headbutt misses the electric eel.
You barely miss the electric eel.
The electric eel shoots out a bolt of lightning at you!
The bolt of electricity hits you! x2
* * * LOW HITPOINT WARNING * * *
Unknown command.
You slash the electric eel!
The electric eel is severely wounded.
You closely miss the electric eel.
The electric eel shoots out a bolt of lightning at you!
The bolt of electricity hits you!
* * * LOW HITPOINT WARNING * * *
The bolt of electricity hits you!
You die...

.....<....####.#.##......#####..#
............##....#...##.# #..#
............####.........# #..#
............#....©....########..#
............#.#######.# #.....#
............#.#8.©.8#.# #.###.#
..........###.#P...P#.# #.....#
..........# #.###'###.# #######
..........# #.#;@..≈#.# #
..........# #.#;...≈#.# #
..........# #.#≈≈≈≈≈#.# #
..........###.#≈≈♣≈≈#.# #
........†.....#≈≈≈≈≈#.# ####
####...)......#≈≈≈≈≈#.# ######...
#..........#≈≈≈≈≈#.# #........
#..........###+###.# #........
#..........#P.).P#.# #........


You could see 2 electric eels.

Vanquished Creatures
  A water moccasin skeleton (D:3)
  3 adders
  5 dart slugs
  A worm (D:3)
  An orc (D:3)
  5 bats
  3 endoplasms
  2 goblins
  5 ball pythons
  2 frilled lizards (D:2)
  7 kobolds
  4 rats
39 creatures vanquished.

Vanquished Creatures (others)
  7 plants (D:2)
7 creatures vanquished.

Grand Total: 46 creatures vanquished

Notes
Turn   | Place    | Note
-------+----------+-------------------------------------------
     0 | D:1      | LLlMATKO the Minotaur Berserker began the quest for the
                  | Orb.
     0 | D:1      | Reached XP level 1. HP: 19/19 MP: 0/0
    63 | D:1      | Found Liehac's Antique Weapon Emporium.
   101 | D:1      | Found a faded altar of an unknown god.
   306 | D:1      | Reached XP level 2. HP: 18/27 MP: 1/1
  1253 | D:1      | Found Liehac's Antique Weapon Emporium.
  2047 | D:2      | Reached XP level 3. HP: 33/33 MP: 2/2
  2150 | D:2      | Reached ** piety under Trog
  3175 | D:3      | Reached XP level 4. HP: 29/41 MP: 3/3
  3322 | D:3      | Found a transporter.
  3641 | D:3      | Found a transporter.
  3802 | D:3      | HP: 2/61 [electric eel/bolt of electricity (12)]
  3802 | D:3      | Killed from afar by an electric eel

Illustrated notes

Levels and vault maps discovered:
D:1:      dpeg_arrival_shelter, layout_basic, serial_shops, shop,
          ebering_ecumenical_altar_rust, lemuel_another_geyser
D:2:      layout_loops_ring, lexackson_kobold_supper
D:3:      gammafunk_steamed_eel, layout_basic

Skill      XL: |  1  2  3 |
---------------+----------+-----
Axes           | 4 |  4.5
Fighting       | 4 |  4.6
Armour         | 3 |  3.6
Dodging        | 3 |  3.2

Action                   |  1- 3 |  4- 6 || total
-------------------------+-------+-------++-------
Melee: Hand axe          |    76 |    13 ||    89
       Headbutt          |    13 |     4 ||    17
Invok: Berserk           |     1 |     1 ||     2
 Stab: Sleeping          |     2 |       ||     2
Armor: Animal skin       |     8 |       ||     8
       Chain mail        |    26 |     5 ||    31
Dodge: Dodged            |    34 |     2 ||    36
